 Dungeon Crawl Stone Soup version 0.28.0-53-g5a82cb258f (webtiles) character file.

Game seed: 16250159983765663602

372 Zeld the Skirmisher (level 6, -5/63 HPs)
             Began as an Ogre Transmuter on May 24, 2022.
             Killed from afar by Dowan (10 damage)
             ... with a puff of flame
             ... on level 4 of the Dungeon.
             The game lasted 00:04:14 (3972 turns).

Zeld the Skirmisher (Ogre Transmuter)               Turns: 3972, Time: 00:04:15

Health: -5/63      AC:  3    Str: 17    XL:     6   Next: 71%
Magic:  12/12      EV:  9    Int: 14    God:
Gold:   149        SH:  0    Dex:  9    Spells: 3/13 levels left

rFire   . . .      SeeInvis .   l - +7 Throatcutter {drain, coup de grace}
rCold   . . .      Faith    .   (no shield)
rNeg    . . .      Spirit   .   a - +0 robe
rPois   .          Reflect  .   (helmet restricted)
rElec   .          Harm     .   c - scarf {repulsion}
rCorr   .          Rampage  .   (gloves unavailable)
Will    .....                   (boots unavailable)
Stlth   +.........              (no amulet)
HPRegen 0.20/turn               p - ring of flight
MPRegen 0.13/turn               (no ring)

@: flying, repel missiles
A: large, unfitting armour, tough skin 1
a: no special abilities


You were on level 4 of the Dungeon.
You visited 1 branch of the dungeon, and saw 4 of its levels.

You collected 149 gold pieces.

Inventory:

Hand Weapons
 l - the +7 Throatcutter (weapon) {drain, coup de grace}
   (You found it on level 3 of the Dungeon)

   A truly terrible weapon, it drains the life of any living foe it strikes.
   It may instantly kill foes which have little health.
Armour
 a - a +0 robe (worn)
 c - a scarf of repulsion (worn)
Jewellery
 p - a ring of flight (left hand)
Scrolls
 d - 3 scrolls of identify {unknown}
 e - a scroll of noise {unknown}
 i - a scroll of summoning {unknown}
 j - a scroll of immolation {unknown}
 k - a scroll of enchant armour {unknown}
 o - a scroll of enchant weapon {unknown}
Potions
 b - a potion of haste {unknown}
 f - a potion of heal wounds {unknown}
 g - a potion of degeneration {unknown}
 h - a potion of flight {unknown}
 m - a potion of curing {unknown}
 n - a potion of resistance {unknown}
 q - a potion of mutation {unknown}


   Skills:
 * Level 4.4 Fighting
 - Level 1.7 Dodging
 - Level 2.6 Unarmed Combat
 + Level 4.2 Spellcasting
 * Level 3.8 Transmutations
 + Level 1.2 Ice Magic
 + Level 1.7 Poison Magic


You had 3 spell levels left.
You knew the following spells:

 Your Spells              Type           Power      Damage    Failure   Level
a - Beastly Appendage     Tmut           26%        N/A       3%          1
b - Wereblood             Tmut           13%        N/A       6%          2
c - Spider Form           Tmut/Pois      10%        N/A       19%         3
d - Ice Form              Ice/Tmut       10%        N/A       54%         4

Your spell library contained the following spells:

 Spells                   Type           Power      Damage    Failure   Level
 Ignite Poison            Fire/Tmut/Pois 8%         N/A       26%         3
 Freezing Cloud           Conj/Ice/Air   2%         6-21      99%         5
 Starburst                Conj/Fire      1%         6d3       100%        6


Dungeon Overview and Level Annotations

Branches:
Dungeon (4/15)
 Temple: D:4-7

Altars:

Annotations:
D:4 Dowan, Duvessa


Innate Abilities, Weirdness & Mutations

You are too large for most types of armour.
You have tough skin. (AC +1)


Message History

Casting: Spider Form (dangerous; 19% risk of failure)
Confirm with . or Enter, or press ? or * to list all spells.
Your blood is infused with primal strength.
You slash the phantom!
The phantom is heavily damaged.
The phantom hits you.
The phantom blinks!
You blink.
The phantom hits you!
The phantom blinks!
You blink.
You hear the slow hiss of a very distant avalanche of sand.
You barely miss the phantom.
The phantom is heavily damaged.
The phantom hits you but does no damage.
You closely miss the phantom.
The phantom is heavily damaged.
The phantom hits you.
The phantom blinks!
You blink.
The phantom hits you.
You barely miss the phantom.
The phantom is heavily damaged.
The phantom hits you. x2
You completely miss the phantom.
The phantom is heavily damaged.
The phantom hits you.
The phantom blinks!
You blink.
You closely miss the phantom.
The phantom is heavily damaged.
The phantom hits you!
* * * LOW HITPOINT WARNING * * *
The phantom blinks!
You blink.
The phantom hits you.
* * * LOW HITPOINT WARNING * * *
The phantom blinks!
You blink.
Your primal bloodlust is almost over.
Your primal bloodlust has ended.
The phantom hits you.
* * * LOW HITPOINT WARNING * * *
The phantom blinks!
You blink.
You see here 12 gold pieces.
You see here a pink potion.
Duvessa and Dowan come into view.
Duvessa is wielding a +2 short sword of holy wrath.
Dowan is wielding a +0 vampiric dagger.
Dowan points at you and mumbles some strange words.
The puff of flame hits you!
You die...

########.# #............#
......)(.###.##...#######
.#.##.##.##!..##.##
#.........$..#
#....##...####
#.##.###.### #. #.# #.W.#
. #.# ###.# . #.# #@# #.
..# #e# ## #.# #e# #.#
#.# #.# #..


You could see Duvessa, a phantom and Dowan.

Vanquished Creatures
  2 ogres
  A scorpion (D:4)
  6 adders
  A worm (D:2)
  4 dart slugs
  3 orcs (D:3)
  9 ball pythons
  7 bats
  9 endoplasms
  5 giant cockroaches
  8 goblins
  4 hobgoblins
  3 jackals (D:2)
  8 kobolds
  4 quokkas
  6 frilled lizards
  6 rats
86 creatures vanquished.

Vanquished Creatures (others)
  A plant (D:1)
1 creature vanquished.

Grand Total: 87 creatures vanquished

Notes
Turn   | Place    | Note
-------+----------+-------------------------------------------
     0 | D:1      | Zeld the Ogre Transmuter began the quest for the Orb.
     0 | D:1      | Reached XP level 1. HP: 19/19 MP: 3/3
   246 | D:1      | Reached XP level 2. HP: 28/28 MP: 3/5
   693 | D:1      | Learned a level 2 spell: Wereblood
   778 | D:1      | Reached XP level 3. HP: 35/35 MP: 5/7
   782 | D:1      | Learned a level 3 spell: Spider Form
  1197 | D:1      | Found a faded altar of an unknown god.
  2027 | D:2      | Reached XP level 4. HP: 44/44 MP: 5/9
  2725 | D:2      | Learned a level 4 spell: Ice Form
  2897 | D:3      | Found the +7 Throatcutter {drain, coup de grace}
  3020 | D:3      | Reached skill level 1 in Poison Magic
  3020 | D:3      | Reached XP level 5. HP: 29/52 MP: 10/10
  3234 | D:3      | Got the Compendium of Toxic Confrontation
  3289 | D:3      | Noticed an ogre
  3359 | D:3      | Killed an ogre
  3788 | D:4      | Reached XP level 6. HP: 57/62 MP: 12/12
  3821 | D:4      | Reached skill level 1 in Ice Magic
  3955 | D:4      | HP: 1/63 [phantom (6)]
  3970 | D:4      | Noticed Duvessa
  3970 | D:4      | Noticed Dowan
  3972 | D:4      | Killed from afar by Dowan

Illustrated notes

Levels and vault maps discovered:
D:1:      heliophobic_arrival_glass_houses, layout_loops_ring,
          dreamdust_ecumenical_altar_hidden_monk_grotto,
          grunt_decor_mini_mirrors
D:2:      layout_basic
D:3:      layout_basic
D:4:      cheibrodos_barr_body, layout_loops_ring, enter_ossuary_3,
          minmay_fountain_box, minmay_misc_feat_roman, guppyfry_shop_venom,
          uniq_duvessa, uniq_edmund

Skill      XL: |  1  2  3  4  5  6 |
---------------+-------------------+-----
Transmutations | 2 3 |  3.8
Fighting       | 2 3 4 |  4.4
Spellcasting   | 3 4 |  4.2
Poison Magic   | 1 |  1.7
Ice Magic      | 1 |  1.2
Dodging        | |  1.7
Unarmed Combat | |  2.6

Action                   |  1- 3 |  4- 6 || total
-------------------------+-------+-------++-------
Melee: Unarmed           |   111 |    75 ||   186
       Kick              |    23 |    13 ||    36
       Headbutt          |    11 |     6 ||    17
       Long sword        |       |    26 ||    26
       Punch             |       |     1 ||     1
 Cast: Beastly Appendage |    24 |    14 ||    38
       Spider Form       |     2 |     5 ||     7
       Wereblood         |       |     1 ||     1
Armor: Robe              |    41 |    23 ||    64
       Skin              |     1 |     1 ||     2
Dodge: Dodged            |    58 |    68 ||   126
       Repelled          |       |     1 ||     1
